Unix NetHack Version 5.0.0-0 post-release - last build May 17 2026 04:57:42 (dc50c8380fa5e20985bfe3072449f57b8d9895ef,branch:main).

Game began 2026-05-20 00:59:03, ended 2026-05-20 01:10:00.

Corncycle, chaotic male human Rogue

               -------             --------------           --------
 --------- ####-...... ##          |.....@f...:.|           |!.!!.!|
 |.....(.|##   |.....|# ##         |.....rd.....|           |!!!.!!|
 |.......|#    |.....|#  ##        |`..*.)..`...-##         |]!.!!.|
 |.......-#    |.....|    #########.`....<......| #         |.!...!|
 |.......|    #......|             |............| #         -|------
 |........##  #|.....|             ---------.---- #          ########
 -----.---    #-----.-#                   ###     #                 #
      #      ##     ###                  ##       #                 #
      #      #        ##                 #        ##[#              #
      #     ##       ####                #           ###            ##
      #     #       ----|----       ######             #             ##
      #  #  #       |.......-#   ---|----              #              #
  ----|--.-##       |.......|##  |......|              #   -----------.----
  |.......|#        |.......| ###.......|              ### |..............|
  |..>....|#        ---------    |......|                # |..............|
  |........#                     |......|                ##...............|
  ---------                      --------                  ----------------

Corncycle the Cutpurse  St:9 Dx:18 Co:14 In:15 Wi:10 Ch:10  Chaotic
Dlvl:3  $:60 HP:0(23) Pw:14(14) AC:6  Xp:3 T:888  Hungry  

Latest messages:
 The little dog turns to flee.
 The kitten misses the little dog.
 In what direction?
 You throw 2 daggers.
 The 1st dagger hits the newt.
 The 2nd dagger hits the newt.
 You kill the newt!
 b - 2 +0 daggers (at the ready) (14 in total).
 In what direction?
 You throw 2 daggers.
 You miss the little dog.
 The little dog misses!
 The little dog just misses!
 In what direction?
 The dagger hits the little dog.
 The little dog bites!
 The little dog misses!
 In what direction?
 You throw 2 daggers.
 The 1st dagger hits the little dog.
 The 2nd dagger hits the little dog.
 The little dog bites!
 The kitten picks up a rock.
 In what direction?
 What do you want to write with? [- ab or ?*]
 You write in the dust with your fingertip.
 The little dog turns to flee.
 The kitten drops a rock.
 b - 2 +0 daggers (at the ready) (11 in total).
 b - a +0 dagger (at the ready) (12 in total).
 You swap places with your kitten.
 The kitten bites the giant rat.
 The giant rat bites the kitten.
 What do you want to write with? [- ab or ?*]
 You write in the dust with your fingertip.
 The little dog bites!
 The giant rat bites!
 The kitten misses the giant rat.
 The little dog bites!
 What do you want to write with? [- ab or ?*]
 Do you want to add to the current engraving? [ynq] (y)
 You wipe out the message that was written in the dust here.
 You write in the dust with your fingertip.
 The little dog bites!
 You die...
 Do you want your possessions identified? [ynq] (y)
 Do you want to see your attributes? [ynq] (y)
 Do you want an account of creatures vanquished? [ynaq] (y)
 Do you want to see your conduct and achievements? [ynq] (y)
 Do you want to see the dungeon overview? [ynq] (y)

Inventory:
 Coins    ('$')
  $ - 60 gold pieces
 Weapons  (')')
  b - 12 +0 daggers (at the ready)
  a - a +0 short sword (weapon in right hand)
 Armor    ('[')
  l - an uncursed +0 orcish helm (being worn)
  c - an uncursed +1 leather armor (being worn)
 Comestibles  ('%')
  k - an uncursed food ration
 Scrolls  ('?')
  i - an uncursed scroll of confuse monster
  h - an uncursed scroll of enchant weapon
 Potions  ('!')
  o - an uncursed potion of booze
  j - an uncursed potion of gain energy
  m - 2 uncursed potions of healing
  g - a blessed potion of see invisible
  p - an uncursed potion of water
 Tools    ('(')
  f - an empty uncursed sack
  e - an uncursed lock pick

Corncycle the Rogue's attributes:

Background:
 You were a Cutpurse, a level 3 male human Rogue.
 You were chaotic, on a mission for Kos
 who was opposed by Issek (lawful) and Mog (neutral).
 You were right-handed.
 You were in the Dungeons of Doom, on level 3.
 You entered the dungeon 888 turns ago.
 It was nighttime.
 You had 64 experience points, 16 more were needed to attain level 4.

Basics:
 You had 0 out of 23 hit points.
 You had all 14 energy points (spell power).
 Your armor class was 6.
 Your wallet contained 60 zorkmids.
 Autopickup was on for '.' plus thrown.

Final Characteristics:
 Your strength was 9 (limit:18/100).
 Your dexterity was 18 (limit:18).
 Your constitution was 14 (limit:18).
 Your intelligence was 15 (limit:18).
 Your wisdom was 10 (limit:18).
 Your charisma was 10 (limit:18).

Final Status:
 You were hungry.
 You were unencumbered.
 You were wielding a short sword.
 You had basic skill with short sword.

Final Attributes:
 You were devoutly aligned.
 You were stealthy.
 You were warded.
 You are dead.

Miscellaneous:
 You didn't encounter any bones levels.
 Total elapsed playing time was 10 minutes and 57 seconds.

Major events:
 Turn
    1: Corncycle the chaotic male human Rogue entered the dungeon
  380: attained the rank of Cutpurse (level 3)
  888: killed by a little dog

You didn't know any spells.

Skills:
 Fighting Skills
   bare handed combat [Unskilled]
   two weapon combat  [Unskilled]
   riding             [Unskilled]
 Weapon Skills
   dagger             [Basic]
   knife              [Unskilled]
   short sword        [Basic]
   broadsword         [Unskilled]
   long sword         [Unskilled]
   two-handed sword   [Unskilled]
   saber              [Unskilled]
   club               [Unskilled]
   mace               [Unskilled]
   morning star       [Unskilled]
   flail              [Unskilled]
   hammer             [Unskilled]
   polearms           [Unskilled]
   spear              [Unskilled]
   crossbow           [Unskilled]
   dart               [Unskilled]
   shuriken           [Unskilled]
 Spellcasting Skills
   divination spells  [Unskilled]
   escape spells      [Unskilled]
   matter spells      [Unskilled]

Voluntary challenges:
 Character rerolling was not enabled.
 You were an atheist.
 You never genocided any monsters.
 You never polymorphed an object.
 You never changed form.
 You used no wishes.
Achievements:
 You attained the rank of Cutpurse.
 You entered a shop.

 The Dungeons of Doom: levels 1 to 3
    Level 1:
    Level 2:
       A fountain.
    Level 3: <- You were here.
       A potion shop.
       Final resting place for
          you, killed by a little dog.


Vanquished creatures:
  a little dog
  a large kobold
  a hobgoblin
  a giant rat
  a yellow mold
  a gecko
  2 jackals
  4 goblins
  a grid bug
  2 lichens
  2 newts
17 creatures vanquished.

No species were genocided or became extinct.

Game over:
                       ----------
                      /          \
                     /    REST    \
                    /      IN      \
                   /     PEACE      \
                  /                  \
                  |    Corncycle     |
                  |      60 Au       |
                  |   killed by a    |
                  |    little dog    |
                  |                  |
                  |                  |
                  |       2026       |
                 *|     *  *  *      | *
        _________)/\\_//(\/(/\)/\//\/|_)_______

Goodbye Corncycle the Rogue...

You died in The Dungeons of Doom on dungeon level 3 with 410 points,
and 60 pieces of gold, after 888 moves.
You were level 3 with a maximum of 23 hit points when you died.

